 Dungeon Crawl Stone Soup version 0.30-a0-585-g93115170b9 (webtiles) character file.

Game seed: 13046697420137972215

113 spardeous the Ducker (level 4, -3/18 HPs)
             Began as a Felid Earth Elementalist on Jan 2, 2023.
             Slain by a gnoll sergeant
             ... wielding a +1 spear of venom
              (8 damage)
             ... on level 4 of the Dungeon.
             The game lasted 00:04:46 (3228 turns).

spardeous the Ducker (Felid Earth Elementalist)     Turns: 3228, Time: 00:04:47

Health: -3/18      AC:  1    Str:  4    XL:     4   Next: 65%
Magic:  0/8        EV: 20    Int: 24    God:
Gold:   275        SH:  0    Dex: 17    Spells: 6/7 levels left
                                        Lives:  0   Deaths: 1

rFire   . . .      SeeInvis +    (weapon unavailable)
rCold   . . .      Faith    .    (shield unavailable)
rNeg    . . .      Spirit   +    (body armour unavailable)
rPois   .          Reflect  .    (helmet unavailable)
rElec   .          Harm     .    (cloak unavailable)
rCorr   .          Rampage  .    (gloves unavailable)
Will    .....                    (boots unavailable)
Stlth   +                        t - amulet of guardian spirit
HPRegen 0.23/turn                w - +6 ring of intelligence
MPRegen 0.11/turn                (no ring)

@: confused, lethally poisoned (-3 -> -6), quick
A: very small, claws 1, fangs 3, see invisible, speed 1, shaggy fur 1, stealthy
paws, no weapons or thrown items, no armour, multi-lived
a: no special abilities


You were on level 4 of the Dungeon.
You visited 1 branch of the dungeon, and saw 4 of its levels.

You collected 275 gold pieces.

Inventory:

Jewellery
 t - an amulet of guardian spirit (around neck)
 w - a +6 ring of intelligence (left paw)
Wands
 r - a wand of flame (14)
 v - a wand of digging (7)
Scrolls
 b - 9 scrolls of identify {unknown}
 d - 3 scrolls of magic mapping {unknown}
 e - a scroll of vulnerability {unknown}
 f - a scroll of immolation {unknown}
 h - a scroll of blinking {unknown}
 j - a scroll of teleportation {unknown}
 l - 2 scrolls of fear {unknown}
 n - a scroll of summoning {unknown}
 p - a scroll of poison {unknown}
 q - a scroll of amnesia {unknown}
Potions
 a - a potion of magic
 c - a potion of flight {unknown}
 i - a potion of attraction {unknown}
 k - a potion of brilliance {unknown}
 m - a potion of invisibility {unknown}
 o - a potion of lignification {unknown}
 s - a potion of cancellation {unknown}
 u - a potion of degeneration {unknown}


   Skills:
 + Level 5.8 Dodging
 - Level 2.6 Stealth
 - Level 2.0 Spellcasting
 - Level 1.1 Transmutations
 + Level 4.5 Earth Magic


You had 6 spell levels left.
You knew the following spells:

 Your Spells              Type           Power      Damage    Failure   Level
a - Sandblast             Erth           48%        2d12      1%          1

Your spell library contained the following spells:

 Spells                   Type           Power      Damage    Failure   Level
 Passwall                 Tmut/Erth      12%        N/A       6%          2
 Stone Arrow              Conj/Erth      26%        3d8       14%         3
 Blink                    Tloc           4%         N/A       19%         2
 Momentum Strike          Conj/Tloc      4%         3d8       19%         2
 Lesser Beckoning         Tloc           4%         N/A       34%         3
 Petrify                  Tmut/Erth      15%        N/A       36%         4


Dungeon Overview and Level Annotations

Branches:
Dungeon (4/15)             Temple (0/1) D:4

Altars:
Dithmenos
Elyvilon
Zin

Shops:
D:3 (

Annotations:
D:4 wormed's ghost, amateur KoDe


Innate Abilities, Weirdness & Mutations

You have sharp claws.
You have razor-sharp teeth.
You have supernaturally acute eyesight. (SInv)
You cover ground quickly. (Speed+)
You are covered in fur. (AC +1)
Your paws help you pounce on unaware monsters.
You are incapable of wielding weapons or throwing items.
You cannot wear armour.
You gain extra lives every three experience levels.


Message History

Confirm with . or Enter, or press ? or * to list all spells.
Aiming: Sandblast (safe; 1% risk of failure)
Press: ? - help, Shift-Dir - straight line, f/p - gnoll sergeant
Aim: a gnoll sergeant, wielding a +1 spear of venom, wearing a +1 ring mail and wearing a +1 kite shield (moderately wounded, 90% to hit)
The blast of sand hits the gnoll sergeant.
The gnoll sergeant is moderately wounded.
You feel sick.
You feel sick.
You feel sick.
You are no longer poisoned.
The gnoll bouda shouts!
You see here a +2 halberd of venom.
Casting: Sandblast (safe; 1% risk of failure)
Confirm with . or Enter, or press ? or * to list all spells.
Aiming: Sandblast (safe; 1% risk of failure)
Press: ? - help, Shift-Dir - straight line, f/p - gnoll sergeant
Aim: a gnoll sergeant, wielding a +1 spear of venom, wearing a +1 ring mail and wearing a +1 kite shield (moderately wounded, 90% to hit)
The blast of sand hits the gnoll sergeant.
The gnoll sergeant is heavily wounded.
You see here a +0 club.
You see here the felid corpse of spardeous.
Casting: Sandblast (safe; 1% risk of failure)
Confirm with . or Enter, or press ? or * to list all spells.
Aiming: Sandblast (safe; 1% risk of failure)
Press: ? - help, Shift-Dir - straight line, f/p - gnoll sergeant
Aim: a gnoll sergeant, wielding a +1 spear of venom, wearing a +1 ring mail and wearing a +1 kite shield (heavily wounded, 90% to hit)
The blast of sand hits the gnoll sergeant but does no damage.
The gnoll sergeant is heavily wounded.
The gnoll zaps a wand.
Your will is overpowered!
You are confused.
The gnoll sergeant hits you from afar with a +1 spear of venom!
You are poisoned.
Wormed's ghost wails, "You will never get the ORB!"
You feel sick. The gnoll sergeant misses you.
You feel sick.
You bump into the stone wall.
You feel sick. The gnoll sergeant closely misses you.
You bump into the stone wall.
You feel sick.
The gnoll sergeant hits you from afar with a +1 spear of venom!
You die...

##.## #§§.........###.###..
#...########.................
#............................
#..≈≈≈≈≈≈≈≈~≈≈≈≈≈≈≈≈.#.......
#..≈≈≈≈≈≈≈≈~≈≈≈≈≈≈≈≈...#.#.#.
#..≈≈####.....####≈≈.#.......
#..≈≈#..#8###8#..#≈≈...#.....
#..≈≈#8.###.###.8#≈≈.........
#..≈≈#....g.@....#≈≈...#...>.
#..≈≈###.##'##.###≈≈.........
#..≈≈..#†#.g.#.#..≈≈...#.....
#..≈≈.##)#⌠g⌠#.##.≈≈.........
#..≈≈.#©.#...#..#.≈≈.#.#.#.#.
#..≈≈.##.##.##.##.≈≈.#.......
#..≈≈..#)#...#.#.....####....
#..~~.©#W'.©.'.#©....# #####
#..≈≈..#.#8⌠8#)#.....#


You could see a gnoll sergeant, a gnoll bouda and a gnoll.

Vanquished Creatures
  An orc priest (D:4)
  A hound (D:4)
  An orc wizard (D:4)
  2 gnolls (D:4)
  4 adders
  A worm (D:2)
  3 dart slugs
  4 orcs (D:4)
  3 ball pythons
  7 endoplasms
  2 giant cockroaches
  7 goblins
  3 hobgoblins
  7 jackals
  8 kobolds
  A quokka (D:2)
  4 bats
  A frilled lizard (D:3)
  4 rats
64 creatures vanquished.

Vanquished Creatures (others)
  6 plants (D:4)
6 creatures vanquished.

Grand Total: 70 creatures vanquished

Notes
Turn   | Place    | Note
-------+----------+-------------------------------------------
     0 | D:1      | spardeous the Felid Earth Elementalist began the quest for
                  | the Orb.
     0 | D:1      | Reached XP level 1. HP: 7/7 MP: 4/4
   200 | D:1      | Reached skill level 3 in Dodging
   271 | D:1      | Reached XP level 2. HP: 11/11 MP: 4/6
   897 | D:2      | Reached XP level 3. HP: 14/14 MP: 4/7
  1124 | D:2      | Reached skill level 4 in Dodging
  1637 | D:3      | Found Goenuw's Weapon Emporium.
  1734 | D:3      | Reached XP level 4. HP: 18/18 MP: 5/8
  1896 | D:3      | Found a shadowy altar of Dithmenos.
  2076 | D:3      | Found a faded altar of an unknown god.
  2339 | D:4      | Reached skill level 5 in Dodging
  2349 | D:4      | Reached XP level 5. HP: 7/21 MP: 0/9
  2674 | D:4      | Found a glowing silver altar of Zin.
  2786 | D:4      | Found a staircase to the Ecumenical Temple.
  2798 | D:4      | Found a transporter.
  2805 | D:4      | Noticed wormed's ghost (amateur KoDe)
  2875 | D:4      | Found a transporter.
  2961 | D:4      | Found a white marble altar of Elyvilon.
  3003 | D:4      | Slain by a gnoll
  3004 | D:4      | Reached XP level 4. HP: 0/18 MP: 0/8
  3228 | D:4      | Slain by a gnoll sergeant

Illustrated notes

Levels and vault maps discovered:
D:1:      dpeg_arrival_boxorama, layout_basic
D:2:      layout_basic
D:3:      layout_loops_ring, nicolae_overflow_crystal_walls,
          hellmonk_ecumenical_altar_leap_of_faith, serial_shops, shop
D:4:      layout_basic, nicolae_elyvilon_peaceful_grove,
          mainiacjoe_overflow_concentric_impassable, minmay_temple_entry_glass,
          gammafunk_ghost_gnarly_gnolls

Skill      XL: |  1  2  3  4 |
---------------+-------------+-----
Dodging        | 3 4 5 |  5.8
Earth Magic    | 3 4 |  4.5
Stealth        | |  2.6
Spellcasting   | |  2.0
Transmutations | |  1.1

Action                   |  1- 3 |  4- 6 || total
-------------------------+-------+-------++-------
Melee: Unarmed           |    18 |     2 ||    20
       Bite              |     1 |       ||     1
 Cast: Sandblast         |    69 |    43 ||   112
  Use: Potion            |       |     1 ||     1
Armor: Skin              |     3 |     1 ||     4
Dodge: Dodged            |    44 |    17 ||    61

Table legend: (Time is in decaauts)
 A = Elapsed time spent in this place.
 B = Non-inter-level travel time spent in this place.
 C = Inter-level travel time spent in this place.
 D = Time resting spent in this place.
 E = Time spent auto-exploring this place.
 F = Levels seen in this place.
 G = Mean time per level.
                   A        B        C        D        E       F      G
               +--------+--------+--------+--------+--------+-----+--------+
         Total |   2867 |   2728 |    139 |     75 |   2203 |   4 |  716.8 |
       Dungeon |   2867 |   2728 |    139 |     75 |   2203 |   4 |  716.8 |
               +--------+--------+--------+--------+--------+-----+--------+

Top non-repeatable levels by time:
     D:4: 910 daAuts
     D:1: 690 daAuts
     D:2: 662 daAuts
     D:3: 603 daAuts
